 Dungeon Crawl Stone Soup version 0.32-a0-468-g38b2580584 (webtiles) character file.

Game seed: 4066878408529877540

464 ezpacito the Trooper (level 6, 0/44 HPs)
             Began as a Demonspawn Chaos Knight on Feb 24, 2024.
             Was a Plaything of Xom.
             Shot with an arrow by a centaur (5 damage)
             ... on level 7 of the Dungeon on Feb 25, 2024.
             The game lasted 00:04:55 (2864 turns).

ezpacito the Trooper (Demonspawn Chaos Knight)      Turns: 2864, Time: 00:04:57

Health: 0/44       AC: 11    Str: 14    XL:     6   Next: 80%
Magic:  7/7        EV: 12    Int: 12    God:    Xom [......]
Gold:   1291       SH:  0    Dex: 13    Spells: 4/7 levels left

rFire   . . .        a - +0 hand axe (chaos)
rCold   . . .        (no shield)
rNeg    . . .        b - +2 leather armour
rPois   .            g - +0 helmet
rElec   +            (no cloak)
rCorr   .            m - +0 pair of gloves
SInv    .            (no boots)
Will    .....        (no amulet)
Stlth   +            (no ring)
HPRegen 0.27/turn    (no ring)
MPRegen 0.10/turn

%: clarity
@: studying 2 skills
A: thin metallic scales 3, demonic guardian 1, clarity, frail 1, inability to
drink after injury 1
a: Renounce Religion


You were on level 7 of the Dungeon.
You worshipped Xom.
You were a very special plaything of Xom.
You visited 1 branch of the dungeon, and saw 5 of its levels.

You collected 1291 gold pieces.

Inventory:

Hand Weapons
 a - a +0 hand axe of chaos (weapon)
 q - the +7 war axe of Omiruciq {spect, rC- rN++ Int+4}
   (You found it on level 2 of the Dungeon)

   Int+4:     It affects your intelligence (+4).
   rC-:       It makes you vulnerable to cold.
   rN++:      It greatly protects you from negative energy.
Armour
 b - a +2 leather armour (worn)
 d - a +0 chain mail
 g - a +0 helmet (worn)
 m - a +0 pair of gloves (worn)
Wands
 e - a wand of paralysis (11)
Scrolls
 j - a scroll of vulnerability {unknown}
 l - a scroll of immolation {unknown}
 n - a scroll of brand weapon {unknown}
 o - 2 scrolls of blinking {unknown}
 p - a scroll of enchant weapon {unknown}
 r - 5 scrolls of identify {unknown}
 s - a scroll of poison {unknown}
 t - a scroll of amnesia {unknown}
Potions
 f - a potion of brilliance
 i - a potion of magic


   Skills:
 * Level 4.5 Fighting
 * Level 3.7(3.8) Axes
 + Level 1.1(2.6) Polearms
 * Level 3.0 Armour
 * Level 2.3 Dodging
 + Level 1.4 Stealth
 * Level 2.0 Unarmed Combat
 + Level 1.3 Spellcasting
 * Level 1.8 Necromancy
 + Level 0.2 Evocations


You had 4 spell levels left.
You knew the following spells:

 Your Spells              Type           Power      Damage    Failure   Level
a - Fugue of the Fallen   Necr           5%         N/A       45%         3

Your spell library contained the following spells:

 Spells                   Type           Power      Damage    Failure   Level
 Sublimation of Blood     Necr           5%         N/A       26%         2
 Summon Small Mammal      Summ           0%         N/A       36%         1
 Call Imp                 Summ           0%         N/A       50%         2
 Call Canine Familiar     Summ           0%         N/A       73%         3
 Ozocubu's Armour         Ice            0%         N/A       73%         3
 Manifold Assault         Tloc           0%         N/A       98%         4
 Summon Blazeheart Golem  Fire/Summ      0%         N/A       98%         4
 Summon Hydra             Summ           0%         N/A       100%        7


Dungeon Overview and Level Annotations

Branches:
Dungeon (4/15)
 Temple: D:4-7

Altars:

Shops:
D:1 :


Innate Abilities, Weirdness & Mutations

You are completely covered in thin metallic scales. (AC +4, rElec)
A weak demonic guardian rushes to your aid.
You possess an exceptional clarity of mind.
You are frail. (-10% HP)
You occasionally lose the ability to drink potions when taking damage.


Message History

You kill the orc wizard!
You feel very sick.
You feel very sick.
You feel very sick.
You feel sick.
* * * LOW HITPOINT WARNING * * *
You feel very sick.
You see here a +0 flail of venom.
You feel sick.
As you read the scroll of butterflies, it crumbles to dust.
You hear the flapping of tiny wings.
You feel sick. Something barely misses your butterfly.
You swap places.
You feel sick.
You swap places.
You feel sick.
Okay, then.
You see here a manual of Dodging.
Something appears at your feet!
You feel sick.
The orc completely misses something.
The orc closely misses your butterfly.
The orc hits your butterfly with a +0 hand axe.
Your butterfly dies!
Your butterfly disappears in a burst of colours!
You pick up a manual of Dodging and begin studying.
You feel sick.
You feel sick.
You are no longer poisoned.
Something barely misses your butterfly.
You swap places.
As you read the scroll of teleportation, it crumbles to dust.
You feel strangely unstable.
Something completely misses your butterfly.
Something barely misses your butterfly.
You start resting.
Your surroundings suddenly seem different.
A centaur, an orc warrior, an orc and an orc wizard come into view.
Found 4 stones.
The orc wizard shouts!
The centaur wields a +0 shortbow.
The centaur shoots an arrow.
The arrow hits you.
You die...
Xom guffaws!

#####b ##... #..b.b
##..c. #..#.b .....
##.##. ....########
#.b.). #.........##
##..o.b ..##.o........#
#..bb.. .......(....#
#...... .......@....#
##b..... ...........##
###...#... .........o.#
##.....#...
...........###...#......
....o.....##..........#.
##......................
##.....................
....................##
.......##......#


You could see an orc warrior (wandering), a centaur, an orc wizard and an orc
(wandering).

Vanquished Creatures
  Grinder (D:3)
  A bombardier beetle (D:3)
  Jessica (D:2)
  An orc wizard (D:7)
  3 gnolls
  3 adders
  A ribbon worm (D:2)
  4 dart slugs
  2 orcs
  9 ball pythons
  5 bats
  7 endoplasms
  5 giant cockroaches
  11 goblins
  7 hobgoblins
  8 jackals
  6 kobolds
  3 quokkas
  2 frilled lizards
  3 rats (D:1)
83 creatures vanquished.

Vanquished Creatures (collateral kills)
  Ijyb (D:3)
  Robin (D:3)
  A goblin (D:3)
3 creatures vanquished.

Grand Total: 86 creatures vanquished

Notes
Turn   | Place    | Note
-------+----------+-------------------------------------------
     0 | D:1      | ezpacito the Demonspawn Chaos Knight began the quest for
                  | the Orb.
     0 | D:1      | Reached XP level 1. HP: 18/18 MP: 1/1
    89 | D:1      | Reached skill level 1 in Dodging
   113 | D:1      | Gained mutation: You are partially covered in thin metallic
                  | scales. (AC +2) [demonic ancestry]
   113 | D:1      | Reached XP level 2. HP: 24/24 MP: 2/2
   271 | D:1      | XOM: silly message
   279 | D:1      | Found Iwuhist's Book Shop.
   366 | D:1      | Gained mutation: A weak demonic guardian rushes to your
                  | aid. [demonic ancestry]
   366 | D:1      | Reached XP level 3. HP: 25/29 MP: 3/3
   587 | D:2      | XOM: noise
   636 | D:2      | Noticed Jessica
   644 | D:2      | Killed Jessica
   645 | D:2      | Reached skill level 1 in Unarmed Combat
   645 | D:2      | Reached XP level 4. HP: 33/35 MP: 4/4
   676 | D:2      | Learned a level 3 spell: Fugue of the Fallen
   787 | D:2      | XOM: god gift: 2 scrolls labelled ULAHYNN DUOWK {god gift}
   952 | D:2      | Identified the +7 war axe of Omiruciq {spect, rC- rN++
                  | Int+4}
   959 | D:2      | XOM: confuse monster(s)
  1234 | D:2      | XOM: give mutations
  1234 | D:2      | Gained mutation: You have sharp fingernails. [Xom's grace]
  1234 | D:2      | Gained mutation: Your flesh is heat resistant. (rF+) [Xom's
                  | grace]
  1234 | D:2      | Gained mutation: You possess an exceptional clarity of
                  | mind. [Xom's grace]
  1303 | D:2      | XOM: cloud trail
  1437 | D:3      | Noticed Grinder
  1448 | D:3      | XOM: cleaving
  1449 | D:3      | Paralysed by Grinder for 2 turns
  1459 | D:3      | Paralysed by Grinder for 3 turns
  1464 | D:3      | Paralysed by Grinder for 5 turns
  1473 | D:3      | Killed Grinder
  1474 | D:3      | Reached skill level 4 in Fighting
  1474 | D:3      | Reached skill level 1 in Stealth
  1474 | D:3      | Reached skill level 1 in Spellcasting
  1474 | D:3      | Reached skill level 1 in Necromancy
  1474 | D:3      | Gained mutation: You are mostly covered in thin metallic
                  | scales. (AC +3) [demonic ancestry]
  1474 | D:3      | Reached XP level 5. HP: 21/42 MP: 6/6
  1474 | D:3      | Gained mutation: You are completely covered in thin
                  | metallic scales. (AC +4, rElec) [demonic ancestry]
  1474 | D:3      | Reached XP level 6. HP: 24/48 MP: 7/7
  1562 | D:3      | Identified 2 scrolls of acquirement
  1562 | D:3      | Acquired 1086 gold pieces
  1574 | D:3      | XOM: give mutations
  1574 | D:3      | Lost mutation: You have sharp fingernails. [Xom's mischief]
  1574 | D:3      | Gained mutation: You occasionally lose the ability to drink
                  | potions when taking damage. [Xom's mischief]
  1574 | D:3      | Gained mutation: You are frail. (-10% HP) [Xom's mischief]
  1583 | D:3      | Reached skill level 1 in Polearms
  1721 | D:3      | XOM: summons 4 hostile demons
  1722 | D:3      | Noticed a red devil
  1723 | D:3      | XOM: butterfly on damage
  2142 | D:3      | Noticed Ijyb
  2143 | D:3      | Paralysed by Ijyb for 5 turns
  2147 | D:3      | XOM: summons 2 friendly demons
  2159 | D:3      | Killed Ijyb
  2178 | D:3      | Noticed Robin
  2188 | D:3      | XOM: swap monsters
  2199 | D:3      | Killed Robin
  2564 | D:3      | XOM: give mutations
  2564 | D:3      | Gained mutation: You have a pair of small horns on your
                  | head. [Xom's mischief]
  2564 | D:3      | Lost mutation: You have a pair of small horns on your head.
                  | [Xom's mischief]
  2568 | D:3      | XOM: give mutation
  2568 | D:3      | Lost mutation: Your flesh is heat resistant. (rF+) [Xom's
                  | mischief]
  2824 | D:4      | You fall into a shaft and drop 3 floors!
  2834 | D:7      | Noticed an orc warrior
  2857 | D:7      | Acquired a manual of Dodging
  2864 | D:7      | Noticed an orc warrior
  2864 | D:7      | Shot with an arrow by a centaur

Illustrated notes

Levels and vault maps discovered:
D:1:      zelgadis_glass_arrival_small, layout_rooms, serial_shops, shop,
          corexii_corridor_pit
D:2:      layout_loops_ring, uniq_jessica
D:3:      layout_loops_ring, nicolae_elyvilon_peaceful_grove, uniq_robin,
          uniq_grinder, uniq_ijyb
D:4:      layout_loops_ring, minmay_temple_entry_butterflies, uniq_natasha,
          uniq_pikel
D:7:      layout_cave_pools, uniq_crazy_yiuf_cottage

Skill      XL: |  1  2  3  4  5  6 |
---------------+-------------------+-----
Dodging        | 1 2 |  2.3
Armour         | 2 3 |  3.0
Axes           | 3 |  3.7
Unarmed Combat | 1 2 |  2.0
Fighting       | 4 |  4.5
Stealth        | 1 |  1.4
Spellcasting   | 1 |  1.3
Necromancy     | 1 |  1.8
Polearms       | 1 |  1.1
Evocations     | |  0.2

Action                     |  1- 3 |  4- 6 || total
---------------------------+-------+-------++-------
  Melee: Hand axe          |    94 |   202 ||   296
    Use: Potion            |       |    10 ||    10
         Scroll            |       |     7 ||     7
   Stab: Confused          |     1 |     3 ||     4
         Sleeping          |       |     2 ||     2
         Petrifying        |       |     1 ||     1
         Paralysed         |       |     3 ||     3
         Distracted        |       |     1 ||     1
         Fleeing           |       |     1 ||     1
 Armour: Leather armour    |    67 |   148 ||   215
  Dodge: Dodged            |    65 |   148 ||   213

Table legend: (Time is in decaauts)
 A = Elapsed time spent in this place.
 B = Non-inter-level travel time spent in this place.
 C = Inter-level travel time spent in this place.
 D = Time resting spent in this place.
 E = Time spent auto-exploring this place.
 F = Levels seen in this place.
 G = Mean time per level.
                   A        B        C        D        E       F      G
               +--------+--------+--------+--------+--------+-----+--------+
         Total |   2882 |   2762 |    120 |     44 |   2031 |   5 |  576.4 |
       Dungeon |   2882 |   2762 |    120 |     44 |   2031 |   5 |  576.4 |
               +--------+--------+--------+--------+--------+-----+--------+

Top non-repeatable levels by time:
     D:3: 1278 daAuts
     D:2: 806 daAuts
     D:1: 591 daAuts
     D:4: 165 daAuts
     D:7: 40 daAuts
